| TOP OF THE 1ST |
|
Reading Fightin Phils batting - Pitching for Harrisburg Senators : RHP Cory Jones
|
|
Pitching: RHP Cory Jones
|
|
|
Batting: RHB Steve Jones
|
0-0: Ball 1-0: Ball 2-0: Fly out, F6 (Line Drive, 6, EV 63.1 MPH)
|
|
Batting: RHB Chris Myers
|
0-0: Ball 1-0: Foul Ball, location: 2F 1-1: Foul Ball, location: 2F 1-2: Fly out, F9 (Flyball, 9D, EV 93.8 MPH)
|
|
Batting: RHB Alan Weller
|
0-0: Swinging Strike 0-1: Ball 1-1: Foul Ball, location: 2F 1-2: Strikes out swinging
|
| Top of the 1st over - 0 runs, 0 hits, 0 errors, 0 left on base; Reading 0 - Harrisburg 0 |
| BOTTOM OF THE 1ST |
|
Harrisburg Senators batting - Pitching for Reading Fightin Phils : LHP Eddie San Miguel
|
|
Pitching: LHP Eddie San Miguel
|
|
|
Batting: RHB Pat Drader
|
0-0: Fly out, F9 (Line Drive, 9, EV 95.6 MPH)
|
|
Batting: RHB Ryan Hiemer
|
0-0: Called Strike 0-1: Fly out, F9 (Flyball, 89M, EV 91.9 MPH)
|
|
Batting: RHB Jim Miske
|
0-0: Foul Ball, location: 2F 0-1: Foul Ball, location: 2F 0-2: Ground out 6-3 (Groundball, 6, EV 81.2 MPH)
|
| Bottom of the 1st over - 0 runs, 0 hits, 0 errors, 0 left on base; Reading 0 - Harrisburg 0 |
| TOP OF THE 2ND |
|
Reading Fightin Phils batting - Pitching for Harrisburg Senators : RHP Cory Jones
|
|
Batting: LHB Josh George
|
0-0: Called Strike 0-1: Called Strike 0-2: Foul Ball, location: 2F 0-2: Ball 1-2: Foul Ball, location: 2F 1-2: Ball 2-2: Foul Ball, location: 2F 2-2: Ball 3-2: Fly out, F8 (Flyball, 8RS, EV 87.5 MPH)
|
|
Batting: RHB Zach Downs
|
0-0: Called Strike 0-1: Called Strike 0-2: Ball 1-2: Ball 2-2: Strikes out swinging
|
|
Batting: LHB Rich Kuehne
|
0-0: Ball 1-0: Called Strike 1-1: Ball 2-1: Fly out, F7 (Flyball, 7LS, EV 88.8 MPH)
|
| Top of the 2nd over - 0 runs, 0 hits, 0 errors, 0 left on base; Reading 0 - Harrisburg 0 |
| BOTTOM OF THE 2ND |
|
Harrisburg Senators batting - Pitching for Reading Fightin Phils : LHP Eddie San Miguel
|
|
Batting: RHB Rene Montoya
|
0-0: Foul Ball, location: 2F 0-1: Ball 1-1: Called Strike 1-2: Foul Ball, location: 2F 1-2: Ball 2-2: Reached on error, E3 (Groundball, 23, EV 86.2 MPH)
|
|
Batting: SHB Dan Castaneda
|
0-0: Ball 1-0: Ball 2-0: Ground out 5-3 (Groundball, 56S, EV 68.1 MPH) Rene Montoya to second
|
|
Batting: RHB John McNeill
|
0-0: Ball 1-0: Ball 2-0: Ground out 6-3 (Groundball, 6, EV 108.1 MPH)
|
|
Batting: LHB Nate Melendez
|
0-0: Ball 1-0: Ball 2-0: SINGLE (Line Drive, 7S, EV 106.2 MPH) Rene Montoya to third Runner from 3rd tries for Home, SAFE, throw by LF to home
|
|
Batting: LHB Kyung-jin Cho
|
0-0: Foul Ball, location: 2F 0-1: Ball 1-1: Ball 2-1: Ball 3-1: Base on Balls Nate Melendez to second
|
|
Batting: SHB Alex Medina
|
0-0: Called Strike Nate Melendez steals 3rd, throwing error, E2 Nate Melendez scores Kyung-jin Cho to third 0-1: Ball 1-1: Ball 2-1: Ball 3-1: Ground out 6-3 (Groundball, 6, EV 83.8 MPH)
|
| Bottom of the 2nd over - 2 runs, 1 hit, 2 errors, 1 left on base; Reading 0 - Harrisburg 2 |
| TOP OF THE 3RD |
|
Reading Fightin Phils batting - Pitching for Harrisburg Senators : RHP Cory Jones
|
|
Batting: RHB Seung-mun Kim
|
0-0: Called Strike 0-1: Ball 1-1: Reached on error, E6 (Groundball, 6, EV 87.5 MPH)
|
|
Batting: LHB Tsuneharu Nishimura
|
0-0: Foul Ball, location: 2F 0-1: DOUBLE (Flyball, 8RXD, EV 91.9 MPH) Seung-mun Kim to third
|
|
Batting: RHB Allen Deschamps
|
0-0: Reached on error, E1 (Groundball, 25, EV 60.0 MPH) Seung-mun Kim scores Tsuneharu Nishimura scores
|
|
Batting: RHB Steve Jones
|
0-0: Ball 1-0: Reached on error, E6 (Groundball, 6, EV 106.2 MPH) Allen Deschamps to third
|
|
Batting: RHB Chris Myers
|
0-0: Called Strike 0-1: Ball 1-1: Fly out, F7 (Flyball, 7S, EV 76.2 MPH)
|
|
Batting: RHB Alan Weller
|
0-0: Called Strike 0-1: SINGLE (Groundball, 4MD, EV 101.9 MPH) (infield hit) Allen Deschamps scores Steve Jones to second
|
|
Batting: LHB Josh George
|
0-0: Ball 1-0: Ball 2-0: Called Strike 2-1: Ball 3-1: Base on Balls Steve Jones to third Alan Weller to second
|
|
Batting: RHB Zach Downs
|
0-0: Called Strike 0-1: Fly out, F7 (Flyball, BS2, EV 93.8 MPH) Runner from 3rd tags up, SCORES, no throw by LF
|
|
Batting: LHB Rich Kuehne
|
0-0: Ball 1-0: Called Strike 1-1: Ball 2-1: Foul Ball, location: 2F 2-2: SINGLE (Flyball, 8LS, EV 89.4 MPH) Alan Weller to third Josh George to second
|
|
Batting: RHB Seung-mun Kim
|
0-0: Ball 1-0: Called Strike 1-1: Foul Ball, location: 2F 1-2: Strikes out swinging
|
| Top of the 3rd over - 4 runs, 3 hits, 3 errors, 3 left on base; Reading 4 - Harrisburg 2 |
| BOTTOM OF THE 3RD |
|
Harrisburg Senators batting - Pitching for Reading Fightin Phils : LHP Eddie San Miguel
|
|
Batting: RHB Pat Drader
|
0-0: Ball 1-0: Ball 2-0: Foul Ball, location: 2F 2-1: Ball 3-1: Fly out, F4 (Popup, 23, EV 90.6 MPH)
|
|
Batting: RHB Ryan Hiemer
|
0-0: TRIPLE (Flyball, 78XD, EV 97.5 MPH)
|
|
Batting: RHB Jim Miske
|
0-0: Ball 1-0: Foul Ball, location: 2F 1-1: Ball 2-1: Called Strike 2-2: Fly out, F8 (Flyball, 8LXD, EV 108.8 MPH) Runner from 3rd tags up, SCORES, no throw by CF
|
|
Batting: RHB Rene Montoya
|
0-0: Ball 1-0: Ground out 4-3 (Groundball, 4, EV 103.1 MPH)
|
| Bottom of the 3rd over - 1 run, 1 hit, 0 errors, 0 left on base; Reading 4 - Harrisburg 3 |
| TOP OF THE 4TH |
|
Reading Fightin Phils batting - Pitching for Harrisburg Senators : RHP Cory Jones
|
|
Batting: LHB Tsuneharu Nishimura
|
0-0: Ball 1-0: Swinging Strike 1-1: Foul Ball, location: 2F 1-2: Ball 2-2: Strikes out swinging
|
|
Batting: RHB Allen Deschamps
|
0-0: Ball 1-0: Ball 2-0: Ball 3-0: Base on Balls
|
|
Batting: RHB Steve Jones
|
0-0: Ball 1-0: Ball 2-0: Ball 3-0: DOUBLE (Line Drive, 89M, EV 107.5 MPH) Allen Deschamps to third
|
|
Batting: RHB Chris Myers
|
0-0: Ball 1-0: Called Strike 1-1: Called Strike 1-2: Foul Ball, location: 2F 1-2: Strikes out swinging
|
|
Batting: RHB Alan Weller
|
0-0: Swinging Strike 0-1: Called Strike 0-2: Foul Ball, location: 2F 0-2: Ball 1-2: Ball 2-2: Ball 3-2: Foul Ball, location: 2F 3-2: SINGLE (Groundball, 4S, EV 75.0 MPH) (infield hit) Allen Deschamps scores Steve Jones to third
|
|
Pitching: LHP Kyle Bachman
|
|
|
Batting: LHB Josh George
|
0-0: Foul Ball, location: 2F 0-1: Foul Ball, location: 2F 0-2: Ball 1-2: Fielders Choice at 2nd, 6-4 (Groundball, 4M, EV 87.5 MPH)
|
| Top of the 4th over - 1 run, 2 hits, 0 errors, 2 left on base; Reading 5 - Harrisburg 3 |
| BOTTOM OF THE 4TH |
|
Harrisburg Senators batting - Pitching for Reading Fightin Phils : LHP Eddie San Miguel
|
|
Batting: SHB Dan Castaneda
|
0-0: Ball 1-0: SOLO HOME RUN (Flyball, 7LD, EV 90.6 MPH), Distance : 351 ft
|
|
Batting: RHB John McNeill
|
0-0: Fly out, F7 (Flyball, 7S, EV 84.4 MPH)
|
|
Batting: LHB Nate Melendez
|
0-0: Ground out 5-3 (Groundball, 25, EV 90.0 MPH)
|
|
Batting: LHB Kyung-jin Cho
|
0-0: Foul Ball, location: 2F 0-1: Called Strike 0-2: Ball 1-2: Ball 2-2: Ball 3-2: Foul Ball, location: 2F 3-2: Fly out, F3 (Line Drive, 3, EV 72.5 MPH)
|
| Bottom of the 4th over - 1 run, 1 hit, 0 errors, 0 left on base; Reading 5 - Harrisburg 4 |
| TOP OF THE 5TH |
|
Reading Fightin Phils batting - Pitching for Harrisburg Senators : LHP Kyle Bachman
|
|
Batting: RHB Zach Downs
|
0-0: Foul Ball, location: 2F 0-1: Ball 1-1: Ball 2-1: Called Strike 2-2: Strikes out looking
|
|
Batting: LHB Rich Kuehne
|
0-0: Called Strike 0-1: Ball 1-1: SINGLE (Groundball, 56S, EV 67.5 MPH) (infield hit)
|
|
Batting: RHB Seung-mun Kim
|
0-0: Ball 1-0: Foul Ball, location: 2F 1-1: Ball 2-1: Foul Ball, location: 2F 2-2: Strikes out swinging
|
|
Batting: LHB Tsuneharu Nishimura
|
0-0: Ball 1-0: Ball Rich Kuehne steals 2nd base 2-0: Called Strike 2-1: Ground out 4-3 (Groundball, 4, EV 101.9 MPH)
|
| Top of the 5th over - 0 runs, 1 hit, 0 errors, 1 left on base; Reading 5 - Harrisburg 4 |
| BOTTOM OF THE 5TH |
|
Harrisburg Senators batting - Pitching for Reading Fightin Phils : LHP Eddie San Miguel
|
|
Batting: SHB Alex Medina
|
0-0: Ball 1-0: Swinging Strike 1-1: Foul Ball, location: 2F 1-2: Ground out 4-3 (Groundball, 13, EV 86.9 MPH)
|
|
Batting: RHB Pat Drader
|
0-0: Swinging Strike 0-1: SINGLE (Line Drive, 78S, EV 98.1 MPH)
|
|
Batting: RHB Ryan Hiemer
|
0-0: Called Strike 0-1: Ball 1-1: Swinging Strike 1-2: Ball 2-2: Strikes out swinging
|
|
Batting: RHB Jim Miske
|
0-0: Fly out, F7 (Line Drive, 7LM, EV 96.9 MPH)
|
| Bottom of the 5th over - 0 runs, 1 hit, 0 errors, 1 left on base; Reading 5 - Harrisburg 4 |
| TOP OF THE 6TH |
|
Reading Fightin Phils batting - Pitching for Harrisburg Senators : LHP Kyle Bachman
|
|
Batting: RHB Allen Deschamps
|
0-0: Ball 1-0: Foul Ball, location: 2F 1-1: Ball 2-1: Foul Ball, location: 2F 2-2: Strikes out swinging
|
|
Pitching: RHP Chris Close
|
|
|
Batting: RHB Steve Jones
|
0-0: Ball 1-0: DOUBLE (Line Drive, 9LM, EV 98.8 MPH)
|
|
Batting: RHB Chris Myers
|
0-0: Called Strike 0-1: Called Strike 0-2: Ball 1-2: Foul Ball, location: 2F 1-2: Ball 2-2: Strikes out swinging
|
|
Batting: RHB Alan Weller
|
0-0: Called Strike 0-1: Ball 1-1: SINGLE (Flyball, 6D, EV 91.9 MPH) Steve Jones to third Runner from 3rd tries for Home, throw by CF and OUT! 8-2
|
| Top of the 6th over - 0 runs, 2 hits, 0 errors, 1 left on base; Reading 5 - Harrisburg 4 |
| BOTTOM OF THE 6TH |
|
Harrisburg Senators batting - Pitching for Reading Fightin Phils : LHP Eddie San Miguel
|
|
Batting: RHB Rene Montoya
|
0-0: Fly out, F8 (Flyball, 78M, EV 91.9 MPH)
|
|
Batting: SHB Dan Castaneda
|
0-0: Swinging Strike 0-1: Ball 1-1: Foul Ball, location: 2F 1-2: Ball 2-2: Foul Ball, location: 2F 2-2: Ball 3-2: Foul Ball, location: 2F 3-2: Base on Balls
|
|
Batting: RHB John McNeill
|
0-0: Ball Dan Castaneda steals 2nd base 1-0: Ground out 6-3 (Groundball, 6, EV 78.8 MPH) Dan Castaneda to third
|
|
Batting: LHB Nate Melendez
|
0-0: Fly out, F7 (Flyball, 78D, EV 88.1 MPH)
|
| Bottom of the 6th over - 0 runs, 0 hits, 0 errors, 1 left on base; Reading 5 - Harrisburg 4 |
| TOP OF THE 7TH |
|
Reading Fightin Phils batting - Pitching for Harrisburg Senators : RHP Chris Close
|
|
Pitching: LHP Ian Bell
|
|
|
Batting: LHB Josh George
|
0-0: Ball 1-0: Ball 2-0: Fly out, F8 (Line Drive, 8LS, EV 85.0 MPH)
|
|
Pitching: RHP Ramon Rodriguez
|
|
|
Batting: RHB Zach Downs
|
0-0: SINGLE (Groundball, 34D, EV 103.8 MPH)
|
|
Batting: LHB Rich Kuehne
|
0-0: Ball 1-0: Called Strike 1-1: Foul Ball, location: 2F 1-2: Foul Ball, location: 2F 1-2: Strikes out swinging
|
|
Batting: RHB Seung-mun Kim
|
0-0: Ball 1-0: Called Strike 1-1: SINGLE (Groundball, 2L, EV 64.4 MPH) (infield hit) Zach Downs to second
|
|
Pinch Runner at 2nd Cory Bonham:
|
|
|
Batting: LHB Tsuneharu Nishimura
|
0-0: Ball 1-0: Foul Ball, location: 2F 1-1: Ball 2-1: Called Strike 2-2: Foul Ball, location: 2F 2-2: Strikes out swinging
|
| Top of the 7th over - 0 runs, 2 hits, 0 errors, 2 left on base; Reading 5 - Harrisburg 4 |
| BOTTOM OF THE 7TH |
|
Harrisburg Senators batting - Pitching for Reading Fightin Phils : LHP Eddie San Miguel
|
|
Now at 2B: Steve Jones
|
|
|
Now at SS: Cory Bonham
|
|
|
Batting: LHB Kyung-jin Cho
|
0-0: Ball 1-0: Swinging Strike 1-1: Ball 2-1: Swinging Strike 2-2: Strikes out swinging
|
|
Batting: SHB Alex Medina
|
0-0: Ball 1-0: Fly out, F5 (Popup, 5SF, EV 81.2 MPH)
|
|
Batting: RHB Pat Drader
|
0-0: Ball 1-0: Ball 2-0: Foul Ball, location: 2F 2-1: SINGLE (Groundball, 5D, EV 101.2 MPH)
|
|
Pitching: LHP Wil Diaz
|
|
|
Batting: RHB Ryan Hiemer
|
0-0: Called Strike Pat Drader steals 2nd base 0-1: Foul Ball, location: 2F 0-2: Ball 1-2: Strikes out looking
|
| Bottom of the 7th over - 0 runs, 1 hit, 0 errors, 1 left on base; Reading 5 - Harrisburg 4 |
| TOP OF THE 8TH |
|
Reading Fightin Phils batting - Pitching for Harrisburg Senators : RHP Ramon Rodriguez
|
|
Pitching: RHP Alex Vasquez
|
|
|
Batting: RHB Allen Deschamps
|
0-0: SINGLE (Groundball, 6D, EV 104.4 MPH)
|
|
Batting: RHB Steve Jones
|
0-0: Ground out 4-3 (Groundball, 13, EV 90.0 MPH) Allen Deschamps to second
|
|
Batting: RHB Chris Myers
|
0-0: SINGLE (Groundball, 56D, EV 102.5 MPH) Allen Deschamps to third Runner from 3rd tries for Home, SAFE, throw by LF to home
|
|
Batting: RHB Alan Weller
|
0-0: Fielders Choice at 2nd, 4-6 (Groundball, 4, EV 84.4 MPH)
|
|
Batting: LHB Josh George
|
0-0: Ball 1-0: Ball 2-0: Called Strike 2-1: Ground out U3 (Groundball, 3S, EV 90.0 MPH)
|
| Top of the 8th over - 1 run, 2 hits, 0 errors, 1 left on base; Reading 6 - Harrisburg 4 |
| BOTTOM OF THE 8TH |
|
Harrisburg Senators batting - Pitching for Reading Fightin Phils : LHP Wil Diaz
|
|
Batting: RHB Jim Miske
|
0-0: Called Strike 0-1: Fly out, F9 (Flyball, 9LS, EV 91.9 MPH)
|
|
Batting: RHB Rene Montoya
|
0-0: Swinging Strike 0-1: Ball 1-1: Foul Ball, location: 2F 1-2: Ball 2-2: Ball 3-2: Base on Balls
|
|
Batting: SHB Dan Castaneda
|
0-0: Ball 1-0: Swinging Strike 1-1: Called Strike 1-2: Grounds into double play, 6-4-3 (Groundball, 6S, EV 85.0 MPH)
|
| Bottom of the 8th over - 0 runs, 0 hits, 0 errors, 0 left on base; Reading 6 - Harrisburg 4 |
| TOP OF THE 9TH |
|
Reading Fightin Phils batting - Pitching for Harrisburg Senators : RHP Alex Vasquez
|
|
Pitching: LHP Kerry Baty
|
|
|
Batting: RHB Cory Bonham
|
0-0: Ball 1-0: SINGLE (Groundball, 56S, EV 63.1 MPH) (infield hit)
|
|
Batting: LHB Rich Kuehne
|
0-0: Ball 1-0: Foul Ball, location: 2F 1-1: Called Strike 1-2: Strikes out swinging
|
|
Batting: RHB Seung-mun Kim
|
0-0: Called Strike 0-1: Called Strike 0-2: Strikes out swinging
|
|
Batting: LHB Tsuneharu Nishimura
|
0-0: Ball 1-0: Ball 2-0: Called Strike 2-1: Called Strike 2-2: Ball 3-2: Fly out, F8 (Flyball, 89D, EV 101.9 MPH)
|
| Top of the 9th over - 0 runs, 1 hit, 0 errors, 1 left on base; Reading 6 - Harrisburg 4 |
| BOTTOM OF THE 9TH |
|
Harrisburg Senators batting - Pitching for Reading Fightin Phils : LHP Wil Diaz
|
|
Pitching: RHP Alex Florez
|
|
|
Batting: RHB John McNeill
|
0-0: Swinging Strike 0-1: Ball 1-1: Ball 2-1: Ball 3-1: SINGLE (Line Drive, 6D, EV 101.2 MPH)
|
|
Batting: LHB Nate Melendez
|
0-0: Swinging Strike 0-1: DOUBLE (Flyball, 78D, EV 95.6 MPH) John McNeill to third
|
|
Batting: LHB Kyung-jin Cho
|
0-0: Called Strike 0-1: Foul Ball, location: 2F 0-2: Ball 1-2: Ball 2-2: Foul Ball, location: 2F 2-2: Foul Ball, location: 2F 2-2: Ball 3-2: Base on Balls
|
|
Batting: SHB Alex Medina
|
0-0: Foul Ball, location: 2F 0-1: Ball 1-1: Ball 2-1: Ball 3-1: Fly out, F8 (Flyball, 8LD, EV 85.0 MPH)
|
|
Batting: RHB Pat Drader
|
0-0: Ball 1-0: Fielders Choice at 2nd, 4-6 (Groundball, 4, EV 96.9 MPH) John McNeill scores Nate Melendez to third
|
|
Batting: RHB Ryan Hiemer
|
0-0: Called Strike 0-1: Ball 1-1: Foul Ball, location: 2F 1-2: Ball 2-2: Fielders Choice at 2nd, 6-4 (Groundball, 56, EV 78.1 MPH)
|
| Bottom of the 9th over - 1 run, 2 hits, 0 errors, 2 left on base; Reading 6 - Harrisburg 5 |
|